 Dungeon Crawl Stone Soup version 0.29.0-13-gc9e81de378 (webtiles) character file.

Game seed: 3845942523975315795

224 freelancePsychic the Caller (level 6, -2/45 HPs)
             Began as a Ghoul Summoner on Sept 8, 2022.
             Was an Initiate of Dithmenos.
             Slain by a gnoll
             ... wielding a +0 spear
              (5 damage)
             ... on level 4 of the Dungeon.
             The game lasted 00:04:36 (3838 turns).

freelancePsychic the Caller (Ghoul Summoner)        Turns: 3838, Time: 00:04:36

Health: -2/45      AC:  2    Str: 12    XL:     6   Next: 0%
Magic:  9/9        EV: 12    Int: 12    God:    Dithmenos [......]
Gold:   70         SH:  0    Dex:  9    Spells: 4/11 levels left

rFire   . . .      SeeInvis .   (no weapon)
rCold   + . .      Faith    .   (no shield)
rNeg    + + +      Spirit   .   a - +0 robe
rPois   ∞          Reflect  .   (no helmet)
rElec   .          Harm     .   (no cloak)
rCorr   .          Rampage  .   (no gloves)
Will    .....                   (no boots)
Stlth   ++........              (no amulet)
HPRegen 0.00/turn               j - ring of flight
MPRegen 0.11/turn               (no ring)

@: flying, inhibited regen
A: claws 1, cold resistance 1, negative energy resistance 3, inhibited
regeneration, torment resistance 2, devour on kill
a: Renounce Religion


You were on level 4 of the Dungeon.
You worshipped Dithmenos.
Dithmenos was noncommittal.
You visited 1 branch of the dungeon, and saw 4 of its levels.

You collected 70 gold pieces.

Inventory:

Armour
 a - a +0 robe (worn)
 d - a +0 crystal plate armour
Jewellery
 j - a ring of flight (left claw)
Wands
 r - a wand of iceblast (6)
Scrolls
 f - 2 scrolls of poison {unknown}
 l - a scroll of magic mapping {unknown}
 m - a scroll of fog {unknown}
 n - 2 scrolls of identify {unknown}
 p - a scroll of vulnerability {unknown}
 q - a scroll of summoning {unknown}
Potions
 b - 3 potions of magic
 c - 2 potions of might {unknown}
 e - 3 potions of curing {@q1}
 g - a potion of flight {unknown}
 h - a potion of mutation {unknown}
 i - 2 potions of lignification {unknown}
 k - a potion of heal wounds {unknown}
 o - a potion of haste {unknown}
 s - a potion of resistance {unknown}


   Skills:
 - Level 1.7 Dodging
 - Level 2.1 Stealth
 + Level 3.1 Spellcasting
 + Level 0.7 Hexes
 * Level 5.5 Summonings


You had 4 spell levels left.
You knew the following spells:

 Your Spells              Type           Power      Damage    Failure   Level
a - Summon Small Mammal   Summ           60%        N/A       2%          1
b - Call Canine Familiar  Summ           15%        N/A       8%          3
c - Summon Guardian Gole  Hex/Summ       9%         N/A       21%         3

Your spell library contained the following spells:

 Spells                   Type           Power      Damage    Failure   Level
 Call Imp                 Summ           15%        N/A       3%          2
 Freeze                   Ice            4%         1d3       24%         1
 Magic Dart               Conj           4%         1d3       24%         1
 Sting                    Tmut/Pois      4%         1d3       24%         1
 Poisonous Vapours        Pois/Air       2%         N/A       36%         2
 Searing Ray              Conj           2%         2d4       36%         2
 Static Discharge         Conj/Air       1%         3-4/arc   36%         2
 Frozen Ramparts          Ice            2%         1d1       58%         3
 Summon Lightning Spire   Summ/Air       8%         N/A       61%         4
 Fulminant Prism          Conj/Hex       1%         3d6       91%         4
 Hailstorm                Conj/Ice       1%         3d3       94%         4
 Olgreb's Toxic Radiance  Pois           1%         N/A       94%         4
 Lightning Bolt           Conj/Air       0%         1d11      100%        5
 Maxwell's Capacitive Co  Air            0%         ∞         100%        8


Dungeon Overview and Level Annotations

Branches:
Dungeon (4/15)
 Temple: D:4-7

Altars:
Dithmenos

Annotations:
D:2 Natasha
D:3 3 runed translucent doors, ShnitzelX2's ghost, amateur BaWr
D:4 Dowan; Duvessa


Innate Abilities, Weirdness & Mutations

You are immune to poison.
You have sharp fingernails.
Your flesh is cold resistant. (rC+)
You are immune to negative energy. (rN+++)
You do not regenerate when monsters are visible.
You are immune to unholy pain and torment.
You thrive by killing the living.


Message History

Dowan closely misses your hound. Duvessa misses your hound.
Your hound bites Dowan.
Dowan points at you and mumbles some strange words.
The puff of flame hits your hound!
Your hound dies!
Your hound's corpse disappears in a puff of smoke!
Duvessa barely misses your bat.
Your bat closely misses Dowan.
Your bat hits Dowan. Dowan barely misses your bat.
Your bat hits Duvessa but does no damage. x2
Your bat closely misses Duvessa.
Duvessa barely misses your bat.
Your bat disappears in a puff of smoke!
There is a stone staircase leading up here.
Your rat disappears in a puff of smoke!
You fly upwards.
Level annotation: 3 runed translucent doors, ShnitzelX2's ghost, amateur BaWr
There is a stone staircase leading down here.
This spell is dangerous to cast!
Memorise Summon Guardian Golem, consuming 3 spell levels and leaving 4?
You start memorising the spell.
You continue memorising. x3
You finish memorising.
Spell assigned to 'c'.
Magic restored.
There is a stone staircase leading down here.
You fly downwards.
Level annotation: Dowan; Duvessa The gnoll shouts!
You hear a shout!
The gnoll shouts!
You hear a shout!
There is a stone staircase leading up here.
There are monsters nearby!
The gnoll throws a throwing net.
The throwing net hits you.
You become entangled in the net!
You stop ascending the stairs.
A gnoll comes into view. It is wielding a +0 whip.
The gnoll hits you with a +0 halberd!
A gnoll comes into view. It is wielding a +0 spear.
You struggle against the net.
The gnoll hits you with a +0 halberd!
You struggle against the net.
The gnoll hits you with a +0 halberd!
You shred the net and break free! The gnoll misses you.
The gnoll hits you with a +0 halberd!
* * * LOW HITPOINT WARNING * * *
The gnoll hits you from afar with a +0 spear.
You die...

### #..
#g#
#.##g#####
#...@.g..#
####g###.#
#.# #..
###


You could see 4 gnolls.

Vanquished Creatures
  3 adders (D:2)
  A worm (D:3)
  2 dart slugs
  3 bats
  3 endoplasms
  2 giant cockroaches (D:2)
  2 goblins
  3 hobgoblins
  5 ball pythons
  A frilled lizard (D:2)
  2 kobolds
  2 rats
29 creatures vanquished.

Vanquished Creatures (collateral kills)
  An ice beast (D:3)
  A hound (D:3)
  An iguana (D:3)
  A worm (D:2)
  4 ball pythons
  3 goblins
  3 hobgoblins
  A quokka (D:2)
  A frilled lizard (D:2)
  A kobold (D:3)
  A rat (D:3)
18 creatures vanquished.

Grand Total: 47 creatures vanquished

Notes
Turn   | Place    | Note
-------+----------+-------------------------------------------
     0 | D:1      | freelancePsychic the Ghoul Summoner began the quest for the
                  | Orb.
     0 | D:1      | Reached XP level 1. HP: 14/14 MP: 2/2
   349 | D:1      | Reached XP level 2. HP: 18/20 MP: 0/4
   543 | D:1      | You fall into a shaft and drop 1 floor!
   817 | D:2      | Reached skill level 4 in Summonings
  1013 | D:2      | Reached XP level 3. HP: 20/26 MP: 5/5
  1017 | D:2      | Learned a level 3 spell: Call Canine Familiar
  1995 | D:2      | Noticed Natasha
  2018 | D:2      | Reached XP level 4. HP: 33/33 MP: 3/6
  2540 | D:3      | Found a shadowy altar of Dithmenos.
  2575 | D:3      | Noticed an ice beast
  2610 | D:3      | Killed an ice beast
  2611 | D:3      | Reached skill level 5 in Summonings
  2611 | D:3      | Reached XP level 5. HP: 9/38 MP: 5/8
  3157 | D:3      | Found a runed translucent gate.
  3157 | D:3      | Found a runed translucent gate.
  3157 | D:3      | Found a runed translucent gate.
  3157 | D:3      | Noticed ShnitzelX2's ghost (amateur BaWr)
  3255 | D:3      | Became a worshipper of Dithmenos the Shadowed
  3652 | D:3      | Reached XP level 6. HP: 38/45 MP: 9/9
  3794 | D:4      | Noticed Duvessa
  3801 | D:4      | Noticed Dowan
  3817 | D:3      | Learned a level 3 spell: Summon Guardian Golem
  3838 | D:4      | Slain by a gnoll

Illustrated notes

Levels and vault maps discovered:
D:1:      ncdulo_lavacross, layout_rooms, minmay_misc_feat_cross
D:2:      layout_loops_corners, patterned_corridor, uniq_natasha
D:3:      layout_loops_cross, grunt_dithmenos_smoke, ebering_ghost_rock_garden,
          minmay_misc_feat_chi
D:4:      layout_loops_corners, ebering_ghost_reflecting_pool, uniq_duvessa

Skill      XL: |  1  2  3  4 |
---------------+-------------+-----
Spellcasting   | 2 3 |  3.1
Summonings     | 4 5 |  5.5
Dodging        | |  1.7
Stealth        | |  2.1
Hexes          | |  0.7

Action                   |  1- 3 |  4- 6 || total
-------------------------+-------+-------++-------
Melee: Unarmed           |    91 |    46 ||   137
 Cast: Summon Small Mamm |    39 |    11 ||    50
       Call Canine Famil |     1 |     8 ||     9
  Use: Potion            |     1 |     1 ||     2
 Stab: Sleeping          |       |     3 ||     3
Armor: Robe              |    17 |     7 ||    24
Dodge: Dodged            |    57 |    30 ||    87
